 Dungeon Crawl Stone Soup version 0.26-a0-682-g294304f6e8 (webtiles) character file.

Game seed: 10906095568880394448

122 Notrik the Skirmisher (level 5, 0/46 HPs)
             Began as a Barachi Berserker on Oct 21, 2020.
             Was a Believer of Trog.
             Slain by a bullfrog skeleton (3 damage)
             ... on level 4 of the Dungeon.
             The game lasted 00:05:52 (2619 turns).

Notrik the Skirmisher (Barachi Berserker)           Turns: 2619, Time: 00:05:52

Health: 0/46       AC:  7    Str: 16 (19) XL:     5   Next: 6%
Magic:  5/5        EV: 10    Int:  7 (8)  God:    Trog [**....]
Gold:   183        SH:  0    Dex:  8 (11) Spells: 4/4 levels left

rFire    . . .     SeeInvis .   a - +0 falchion
rCold    . . .     Faith    .   (no shield)
rNeg     . . .     Spirit   .   b - +0 scale mail
rPois    +         Reflect  .   (no helmet)
rElec    .         Harm     .   (no cloak)
rCorr    .         Rampage  .   m - +0 pair of gloves
MR       .....                  (no boots)
Stlth    ..........             (no amulet)
HPRegen  0.15/turn              (no ring)
MPRegen  0.09/turn              (no ring)

@: lethally poisoned (0 -> -8), slow
A: +LOS, swims, sense surroundings 1, poison resistance, slowness 1, strong legs
1
a: Hop, Berserk, Trog's Hand, Renounce Religion


You were on level 4 of the Dungeon.
You worshipped Trog.
Trog was pleased with you.
You visited 1 branch of the dungeon, and saw 4 of its levels.

You collected 183 gold pieces.

Inventory:

Hand Weapons
 a - a +0 falchion (weapon)
Armour
 b - a +0 scale mail (worn)
   (You found it on level 2 of the Dungeon)
 m - a +0 pair of gloves (worn)
   (You found it on level 4 of the Dungeon)
Scrolls
 d - 3 scrolls of teleportation {unknown}
 g - a scroll of fear {unknown}
 h - a scroll of fog {unknown}
 j - 2 scrolls of remove curse {unknown}
 n - 4 scrolls of blinking {unknown}
 p - a scroll of enchant armour {unknown}
Potions
 f - 3 potions of heal wounds {@q2}
 i - a potion of resistance


   Skills:
 * Level 5.9 Fighting
 + Level 4.8 Long Blades
 - Level 2.4 Armour
 - Level 2.1 Dodging


You had 4 spell levels left.
You didn't know any spells.
Your spell library was empty.

Dungeon Overview and Level Annotations

Branches:
Dungeon (3/15)

Altars:
Okawaru


Innate Abilities, Weirdness & Mutations

You can be seen from farther away. (+LOS)
You can swim through water.
You cover ground slowly.
You can hop short distances.
You passively map a small area around you.
Your system is resistant to poisons. (rPois)


Message History

The bullfrog skeleton hits you but does no damage.
The worker ant misses you.
You riposte.
You closely miss the worker ant.
It was a potion of cancellation.
Your magical effects are unravelling.
You feel magically purged.
You float gracefully downwards.
Your resistance to elements expires.
You feel less ready to backstab.
You feel sick.
The bullfrog skeleton closely misses you.
The worker ant bites you but does no damage.
The bullfrog skeleton barely misses you.
You barely miss the bullfrog skeleton.
You feel sick. The worker ant closely misses you.
You riposte.
You barely miss the worker ant.
The bullfrog skeleton barely misses you.
You riposte.
You hit the bullfrog skeleton.
The worker ant bites you but does no damage.
You barely miss the bullfrog skeleton.
You feel sick.
The bullfrog skeleton hits you but does no damage.
The worker ant bites you but does no damage.
You hit the bullfrog skeleton.
You feel sick.
The bullfrog skeleton closely misses you.
The worker ant bites you.
* * * LOW HITPOINT WARNING * * *
The bullfrog skeleton hits you.
* * * LOW HITPOINT WARNING * * *
You hit the bullfrog skeleton.
* * * LOW HITPOINT WARNING * * *
You feel sick. The worker ant closely misses you.
The bullfrog skeleton barely misses you.
You hit the bullfrog skeleton.
* * * LOW HITPOINT WARNING * * *
You feel sick. The worker ant bites you.
* * * LOW HITPOINT WARNING * * *
The bullfrog skeleton hits you but does no damage.
The worker ant barely misses you.
You barely miss the bullfrog skeleton.
* * * LOW HITPOINT WARNING * * *
You feel sick.
The bullfrog skeleton barely misses you.
The worker ant misses you.
The bullfrog skeleton closely misses you.
You hit the bullfrog skeleton but do no damage.
* * * LOW HITPOINT WARNING * * *
You feel sick.
The bullfrog skeleton barely misses you.
You riposte.
You barely miss the bullfrog skeleton. The worker ant completely misses you.
You closely miss the worker ant.
* * * LOW HITPOINT WARNING * * *
You feel sick. The bullfrog skeleton hits you.
You die...

............#.........#
...[........#.........#
.......######.........#
...##### #.........#
...# * #.........# ...#
+.........+ ...#
.####.........#* ####
.........###### *
#.......@# , #.....^BZ#
, #........# *,*
#........# * ,
#........# , #........#
#..[...... , ####...$..
* #......


You could see a worker ant and a bullfrog skeleton.

Vanquished Creatures
  A hound (D:4)
  A worker ant (D:4)
  2 adders
  An ooze (D:3)
  3 leopard geckos
  5 bats
  2 goblins
  6 hobgoblins
  6 jackals
  A ball python (D:1)
  A frilled lizard (D:2)
  5 kobolds
  7 rats
41 creatures vanquished.

Notes
Turn   | Place    | Note
-------+----------+-------------------------------------------
     0 | D:1      | Notrik the Barachi Berserker began the quest for the Orb.
     0 | D:1      | Reached XP level 1. HP: 18/18 MP: 1/1
   233 | D:1      | Reached skill level 4 in Fighting
   235 | D:1      | Reached XP level 2. HP: 13/25 MP: 2/2
  1387 | D:2      | Reached XP level 3. HP: 29/31 MP: 3/3
  1507 | D:2      | Reached ** piety under Trog
  1780 | D:2      | Reached skill level 5 in Fighting
  2186 | D:3      | You fall into a shaft and drop 1 floor!
  2231 | D:4      | Reached XP level 4. HP: 19/39 MP: 4/4
  2387 | D:4      | Found an iron altar of Okawaru.
  2603 | D:4      | Reached XP level 5. HP: 6/46 MP: 5/5
  2610 | D:4      | Gained mutation: Your system is resistant to poisons.
                  | (rPois) [potion of mutation]
  2610 | D:4      | Gained mutation: You passively map a small area around you.
                  | [potion of mutation]
  2619 | D:4      | Slain by a bullfrog skeleton

Illustrated notes

Levels and vault maps discovered:
D:1:      minmay_arrival_three_doors, layout_loops_corners,
          minmay_misc_feat_secret_circle
D:2:      layout_rooms
D:3:      layout_basic, elyvilon_altar_5, xom_redecorated, uniq_ijyb,
          uniq_terence, uniq_natasha
D:4:      layout_basic, lemuel_crystal_altar, lemuel_doored_altar,
          nemelex_spade_bored_becter

Skill      XL: |  1  2  3 |
---------------+----------+-----
Fighting       | 4 5 |  5.9
Long Blades    | 4 |  4.8
Armour         | |  2.4
Dodging        | |  2.1

Action                   |  1- 3 |  4- 6 || total
-------------------------+-------+-------++-------
Melee: Falchion          |   137 |    29 ||   166
  Use: Potion            |       |     9 ||     9
Armor: Animal skin       |    10 |       ||    10
       Scale mail        |    42 |    16 ||    58
       Ring mail         |     2 |       ||     2
Dodge: Dodged            |   124 |    38 ||   162
       Rpst.: Falchion   |    36 |    11 ||    47

Table legend: (Time is in decaauts)
 A = Elapsed time spent in this place.
 B = Non-inter-level travel time spent in this place.
 C = Inter-level travel time spent in this place.
 D = Time resting spent in this place.
 E = Time spent auto-exploring this place.
 F = Levels seen in this place.
 G = Mean time per level.
                   A        B        C        D        E       F      G
               +--------+--------+--------+--------+--------+-----+--------+
         Total |   2915 |   2791 |    124 |    102 |   2265 |   4 |  728.8 |
       Dungeon |   2915 |   2791 |    124 |    102 |   2265 |   4 |  728.8 |
               +--------+--------+--------+--------+--------+-----+--------+

Top non-repeatable levels by time:
     D:1: 1489 daAuts
     D:2: 770 daAuts
     D:4: 468 daAuts
     D:3: 187 daAuts
